AoeStats
← Prenzel03049

Nomad

509609545Analyzed
2v2 RM · 6d ago on Sep 27, 2026· 36m 11s· 4 players
Game mode
Random Map
Map size
176×176
Population
200
Speed
Normal
Resources
Standard
Victory
Conquest
Starting age
Dark Age
Ending age
Imperial Age
RankedLock teamsTeams togetherTeam positionsShared explorationLock speedFull tech treeHidden civsTurbo modeCheats
Victory
Defeat
🇻🇳 Bohemians · Vietnam
1283
+15
🇻🇳 Ethiopians · Vietnam
1282
+15
🇨🇳 Franks · China
1303
-16
🇩🇪 Cumans · Germany
1237
-14
Prenzel03049
4:09 Loom
12:32 Feudal Age
13:04 Double-Bit Axe
14:28 Fishing Lines
18:28 Horse Collar
22:19 Castle Age
21:20 Fletching
21:19 Man-at-Arms
22:37 Gold Mining
23:20 Squires
23:30 Thumb Ring
23:33 Scale Barding Armor
23:46 Crossbowman
25:01 Bloodlines
26:13 Wheelbarrow
25:56 Town Watch
27:29 Medium Warships
28:48 Heavy Plow
32:06 Chain Barding Armor
35:22 Imperial Age
32:47 Long Swordsman
33:39 Pikeman
ThomasDZK
15:32 Feudal Age
13:51 Loom
17:07 Gold Mining
19:39 Castle Age
17:35 Stone Mining
17:38 Double-Bit Axe
23:05 Gold Shaft Mining
32:45 Scale Barding Armor
32:50 Forging
35:13 Chain Barding Armor
35:28 Iron Casting
LêHuy69
4:44 Loom
12:51 Feudal Age
21:41 Castle Age
19:58 Double-Bit Axe
19:54 Horse Collar
20:24 Fletching
22:43 Bodkin Arrow
23:25 Fishing Lines
25:09 Bow Saw
24:50 Gold Mining
26:34 Husbandry
32:20 Imperial Age
30:31 Wheelbarrow
30:34 Medium Warships
30:53 Scale Barding Armor
31:26 Forging
32:07 Chain Barding Armor
33:31 Gold Shaft Mining
33:10 Heavy Camel Rider
36:10 Iron Casting
35:56 Conscription
MemeManVai
4:39 Loom
13:26 Feudal Age
15:15 Double-Bit Axe
18:22 Castle Age
18:33 Fletching
20:20 Wheelbarrow
19:50 Double-Bit Axe
20:44 Bow Saw
24:12 Bodkin Arrow
27:02 Fervor
27:25 Squires
27:11 Arson
29:09 Pikeman
33:33 Scale Mail Armor
33:44 Forging
Connection lost

Rejoining the realm…

Still unreachable

The connection could not be restored.

Session expired

The server has moved on; the page needs a fresh start.